 Dungeon Crawl Stone Soup version 0.25.1-2-g60ff931df9 (webtiles) character file.

Game seed: 4742667728527352977

58 DearestLeader the Ducker (level 3, -5/29 HPs)
             Began as a Demonspawn Gladiator on Nov 3, 2020.
             Killed from afar by Sigmund (13 damage)
             ... with a puff of flame
             ... on level 2 of the Dungeon.
             The game lasted 00:02:16 (1489 turns).

DearestLeader the Ducker (Demonspawn Gladiator)     Turns: 1489, Time: 00:02:16

Health: -5/29      AC:  4    Str: 15    XL:     3   Next: 76%
Magic:  3/3        EV: 13    Int:  9    God:
Gold:   87         SH:  0    Dex: 14    Spells: 2/2 levels left

rFire    . . .     SeeInvis .   a - +0 war axe
rCold    . . .     Gourm    .   (no shield)
rNeg     . . .     Faith    .   b - +0 leather armour
rPois    .         Spirit   .   (helmet restricted)
rElec    .         Reflect  .   (no cloak)
rCorr    .         Harm     .   g - +0 pair of gloves
MR       .....                  (no boots)
Stlth    ++........             (no amulet)
HPRegen  0.09/turn              (no ring)
MPRegen  0.08/turn              (no ring)

@: no status effects
A: horns 1, nightstalker 1
a: no special abilities


You were on level 2 of the Dungeon.
You were not hungry.

You visited 1 branch of the dungeon, and saw 2 of its levels.

You collected 87 gold pieces.

Inventory:

Hand Weapons
 a - a +0 war axe (weapon)
Missiles
 d - 3 throwing nets
 h - 17 poisoned darts (quivered)
Armour
 b - a +0 leather armour (worn)
 g - a +0 pair of gloves (worn)
Wands
 n - a wand of digging (6)
Scrolls
 c - a scroll of amnesia {unknown}
 e - a scroll of teleportation {unknown}
 j - a scroll of enchant armour
 k - a scroll of fear {unknown}
 m - 3 scrolls of enchant weapon
Potions
 l - a potion of magic
Comestibles
 f - 3 rations
 i - 6 chunks of flesh


   Skills:
 + Level 3.2 Fighting
 - Level 2.6 Axes
 - Level 1.7 Throwing
 + Level 3.5 Dodging


You had 2 spell levels left.
You didn't know any spells.
Your spell library was empty.

Dungeon Overview and Level Annotations

Branches:
Dungeon (2/15)

Altars:
The Shining One

Annotations:
D:2 Sigmund


Innate Abilities, Weirdness & Mutations

You have a pair of small horns on your head.
You are slightly more attuned to the shadows.


Message History

Sigmund hits you with a +0 scythe.
You are too injured to fight recklessly!
You hit Sigmund.
Sigmund is heavily wounded.
Sigmund closely misses you.
Okay, then.
You hit Sigmund but do no damage. Your headbutt misses Sigmund.
Sigmund is heavily wounded.
Sigmund says, "Look into my eyes."
Sigmund misses you.
You hit Sigmund.
Sigmund is heavily wounded.
Sigmund hits you with a +0 scythe.
* * * LOW HITPOINT WARNING * * *
You hit Sigmund. Your headbutt misses Sigmund.
Sigmund is heavily wounded.
Sigmund says, "Don't worry, I'll kill you fast."
Sigmund casts a spell at you. The puff of flame hits you!
You die...

......'..............#####.# #..
#######...(..........#####[####..
(....................+........>..
#######..............#####.###...
.....................+ #.# #.##
###############......# #.. ...
#......# #####.## #).....# #.#
#.@....# #.# #### #.@....# #.#
...# #....?.# ...## #......#
...'# #....### ...## #....# ....#
#....# .<..# ....#


You could see Sigmund.

Vanquished Creatures
  Jessica (D:2)
  A giant cockroach (D:2)
  5 goblins
  7 hobgoblins
  3 jackals (D:1)
  A ball python (D:1)
  4 bats
  2 frilled lizards
  4 kobolds
  4 rats
32 creatures vanquished.

Notes
Turn   | Place    | Note
-------+----------+-------------------------------------------
     0 | D:1      | DearestLeader the Demonspawn Gladiator began the quest for
                  | the Orb.
     0 | D:1      | Reached XP level 1. HP: 16/16 MP: 1/1
   296 | D:1      | Gained mutation: You are slightly more attuned to the
                  | shadows. [demonic ancestry]
   296 | D:1      | Reached XP level 2. HP: 21/23 MP: 2/2
   909 | D:1      | Found a glowing golden altar of the Shining One.
  1232 | D:2      | Noticed Jessica
  1235 | D:2      | Killed Jessica
  1235 | D:2      | Gained mutation: You have a pair of small horns on your
                  | head. [demonic ancestry]
  1235 | D:2      | Reached XP level 3. HP: 29/29 MP: 3/3
  1481 | D:2      | Noticed Sigmund
  1489 | D:2      | Killed from afar by Sigmund

Illustrated notes

Levels and vault maps discovered:
D:1:      wheals_arrival_shading, layout_rooms, serial_forest,
          infiniplex_forest_clump_cross, infiniplex_forest_lined_room_2,
          infiniplex_forest_straight_4, infiniplex_forest_lined_room_3,
          infiniplex_forest_straight_4, infiniplex_forest_lined_room_2,
          infiniplex_forest_lined_room_3, infiniplex_forest_lined_3,
          infiniplex_forest_clump_cross, infiniplex_forest_clump_curved,
          serial_bayou_ford_a, tso_altar
D:2:      layout_basic, lemuel_old_faithful, uniq_jessica, uniq_sigmund,
          uniq_crazy_yiuf_cottage

Skill      XL: |  1  2 |
---------------+-------+-----
Dodging        | 3 |  3.5
Fighting       | 3 |  3.2
Axes           | |  2.6
Throwing       | |  1.7

Action                   || total
-------------------------++-------
Melee: War axe           ||    79
       Headbutt          ||     3
  Use: Scroll            ||     4
 Stab: Sleeping          ||     6
  Eat: Chunk             ||     2
Armor: Leather armour    ||    19
Dodge: Dodged            ||    46
